 Dungeon Crawl Stone Soup version 0.30-a0-802-gb92711bcdf (webtiles) character file.

Game seed: 359965510085062169

415 Juicyj the Protected (level 6, -2/44 HPs)
             Began as a Gnoll Wanderer on Feb 24, 2023.
             Slain by an iguana (6 damage)
             ... on level 5 of the Dungeon.
             The game lasted 00:09:53 (4003 turns).

Juicyj the Protected (Gnoll Wanderer)               Turns: 4003, Time: 00:09:54

Health: -2/44      AC: 11    Str: 14    XL:     6   Next: 92%
Magic:  14/14      EV: 10    Int: 10    God:
Gold:   174        SH:  0    Dex: 12    Spells: 15/16 levels left

rFire   x . .      SeeInvis .    q - +0 halberd
rCold   . . .      Faith    +    (shield currently unavailable)
rNeg    . . .      Spirit   .    d - +3 scale mail
rPois   .          Reflect  .    (no helmet)
rElec   +          Harm     .    (no cloak)
rCorr   .          Rampage  .    (no gloves)
Will    .....                    (no boots)
Stlth   +                        g - amulet of faith
HPRegen 0.27/turn                (no ring)
MPRegen 0.14/turn                (no ring)

@: no status effects
A: fangs 1, strong nose, distributed training, electricity resistance, wild
magic 1, heat vulnerability 1
a: no special abilities


You were on level 5 of the Dungeon.
You visited 1 branch of the dungeon, and saw 5 of its levels.

You collected 174 gold pieces.

Inventory:

Hand Weapons
 f - a +2 dagger of protection
 q - a +0 halberd (weapon)
Armour
 a - a +2 ring mail of poison resistance
 d - a +3 scale mail (worn)
Jewellery
 g - an amulet of faith (around neck)
Wands
 b - a wand of flame (2) (quivered)
Scrolls
 i - 2 scrolls of teleportation
 j - a scroll of blinking {unknown}
 m - a scroll of poison
 o - a scroll of immolation
Potions
 c - a potion of berserk rage
 e - a potion of invisibility
 h - a potion of curing {unknown}


   Skills:
 + Level 2.2 Fighting
 + Level 2.2 Short Blades
 + Level 2.2 Long Blades
 + Level 2.2 Axes
 + Level 2.2 Maces & Flails
 + Level 2.2 Polearms
 + Level 2.2 Staves
 + Level 2.2 Ranged Weapons
 + Level 2.2 Throwing
 + Level 8.8 Armour
 + Level 2.2 Dodging
 + Level 3.3 Stealth
 + Level 2.2 Shields
 + Level 2.2 Unarmed Combat
 + Level 5.5 Spellcasting
 + Level 1.8 Conjurations
 + Level 1.8 Hexes
 + Level 1.8 Summonings
 + Level 4.2 Necromancy
 + Level 1.8 Translocations
 + Level 1.8 Transmutations
 + Level 1.8 Fire Magic
 + Level 1.8 Ice Magic
 + Level 1.8 Air Magic
 + Level 1.8 Earth Magic
 + Level 1.8 Poison Magic
 + Level 2.5 Invocations
 + Level 3.4 Evocations


You had 15 spell levels left.
You knew the following spells:

 Your Spells              Type           Power      Damage    Failure   Level
b - Necrotise             Necr           56%        1d6       19%         1

Your spell library contained the following spells:

 Spells                   Type           Power      Damage    Failure   Level
 Sublimation of Blood     Necr           14%        N/A       26%         2
 Apportation              Tloc           16%        N/A       43%         1
 Summon Small Mammal      Summ           32%        N/A       43%         1
 Cigotuvi's Dreadful Rot  Necr/Pois/Air  20%        N/A       45%         2
 Call Imp                 Summ           8%         N/A       54%         2
 Simulacrum               Ice/Necr       5%         N/A       100%        6
 Malign Gateway           Summ/Tloc      4%         N/A       100%        7


Dungeon Overview and Level Annotations

Branches:
Dungeon (5/15)
 Temple: D:4-7

Altars:
Dithmenos
Uskayaw
Zin


Innate Abilities, Weirdness & Mutations

You have very sharp teeth.
Your uncanny sense of smell can sniff out nearby items.
Your experience applies equally to all skills.
You are resistant to electric shocks. (rElec)
Your spells are a little harder to cast, but a little more powerful.
You are vulnerable to heat. (rF-)


Message History

You bite the shadow imp, but do no damage.
The shadow imp hits you but does no damage. x2
You barely miss the ogre.
The ogre hits you with a +0 giant club!!
Ouch! That really hurt!
The shadow imp misses you.
You are too injured to fight recklessly!
You are too injured to fight recklessly!
You are too injured to fight recklessly!
You are too injured to fight recklessly!
You are too injured to fight recklessly!
You are too injured to fight recklessly!
You are too injured to fight recklessly!
You are too injured to fight recklessly!
You are too injured to fight recklessly!
You are too injured to fight recklessly!
You are too injured to fight recklessly!
You are too injured to fight recklessly!
You hit the ogre.
The ogre is lightly wounded.
The shadow imp hits you but does no damage.
The ogre hits you with a +0 giant club!
* * * LOW HITPOINT WARNING * * *
The shadow imp closely misses you.
You puncture the ogre!
The ogre is heavily wounded.
The ogre hits you but does no damage.
The shadow imp hits you but does no damage.
You hit the ogre.
The ogre is heavily wounded.
The iguana bites you but does no damage.
The shadow imp hits you but does no damage.
The ogre barely misses you.
You hit the ogre.
The ogre is severely wounded.
The iguana bites you but does no damage.
The shadow imp misses you. The ogre hits you with a +0 giant club!
* * * LOW HITPOINT WARNING * * *
The iguana bites you.
You die...

............).##
.............<....#
..................## ∆
...##..##.........## ..
.##..###....#.....# ...
##.##.##....##.....#
....#.......)#####.....#
.......5O.....####..<.##
#.....l@.#......##..###
##.##....#....#######
#............#
##..........##
#.......#..#
#........#>.#
....#........#
....#......###
........###


You could see an ogre, an iguana and a shadow imp.

Vanquished Creatures
  A black bear (D:4)
  An orc priest (D:5)
  2 jellies (D:4)
  An iguana (D:4)
  2 orc wizards (D:4)
  6 adders
  2 ufetubi
  A worm (D:3)
  3 dart slugs
  8 orcs
  7 bats
  9 endoplasms
  3 giant cockroaches
  7 goblins
  5 hobgoblins
  4 quokkas
  12 ball pythons
  A frilled lizard (D:2)
  9 kobolds
  2 rats (D:1)
86 creatures vanquished.

Notes
Turn   | Place    | Note
-------+----------+-------------------------------------------
     0 | D:1      | Juicyj the Gnoll Wanderer began the quest for the Orb.
     0 | D:1      | Juicyj set off with the following items: a +0 club, a wand
                  | of flame (4), a potion of berserk rage, a +2 scale mail;
                  | and the following spells available to memorise: Sublimation
                  | of Blood, Cigotuvi's Dreadful Rot.
     0 | D:1      | Reached XP level 1. HP: 13/13 MP: 6/6
   229 | D:1      | Reached XP level 2. HP: 19/19 MP: 7/7
   401 | D:1      | Gained mutation: You are vulnerable to heat. (rF-) [potion
                  | of mutation]
   401 | D:1      | Gained mutation: Your spells are a little harder to cast,
                  | but a little more powerful. [potion of mutation]
   401 | D:1      | Gained mutation: You are resistant to electric shocks.
                  | (rElec) [potion of mutation]
   462 | D:1      | Reached skill level 5 in Spellcasting
   462 | D:1      | Reached XP level 3. HP: 25/25 MP: 7/9
   711 | D:2      | Reached skill level 1 in Invocations
   780 | D:2      | Reached skill level 1 in Fighting
   780 | D:2      | Reached skill level 1 in Short Blades
   780 | D:2      | Reached skill level 1 in Long Blades
   780 | D:2      | Reached skill level 1 in Axes
   780 | D:2      | Reached skill level 1 in Maces & Flails
   780 | D:2      | Reached skill level 1 in Polearms
   780 | D:2      | Reached skill level 1 in Staves
   780 | D:2      | Reached skill level 1 in Ranged Weapons
   780 | D:2      | Reached skill level 1 in Throwing
   780 | D:2      | Reached skill level 1 in Dodging
   780 | D:2      | Reached skill level 1 in Shields
   780 | D:2      | Reached skill level 1 in Unarmed Combat
   876 | D:2      | Reached XP level 4. HP: 32/32 MP: 11/11
   937 | D:2      | Found a faded altar of an unknown god.
   951 | D:2      | Got Coel's Vademecum on Unholy Calling
  1024 | D:2      | Learned a level 2 spell: Call Imp
  1401 | D:3      | Reached skill level 1 in Conjurations
  1401 | D:3      | Reached skill level 1 in Hexes
  1401 | D:3      | Reached skill level 1 in Summonings
  1401 | D:3      | Reached skill level 1 in Translocations
  1401 | D:3      | Reached skill level 1 in Transmutations
  1401 | D:3      | Reached skill level 1 in Fire Magic
  1401 | D:3      | Reached skill level 1 in Ice Magic
  1401 | D:3      | Reached skill level 1 in Air Magic
  1401 | D:3      | Reached skill level 1 in Earth Magic
  1401 | D:3      | Reached skill level 1 in Poison Magic
  1575 | D:3      | Found a glowing silver altar of Zin.
  1739 | D:3      | Found a hide-covered altar of Uskayaw.
  2170 | D:3      | Learned a level 1 spell: Necrotise
  2250 | D:4      | Found a shadowy altar of Dithmenos.
  2388 | D:4      | Reached XP level 5. HP: 37/37 MP: 12/12
  2529 | D:4      | Noticed a black bear
  2544 | D:4      | Killed a black bear
  2903 | D:4      | Reached XP level 6. HP: 29/44 MP: 14/14
  3625 | D:5      | Entered Level 5 of the Dungeon
  4003 | D:5      | Slain by an iguana

Illustrated notes

Levels and vault maps discovered:
D:1:      matt_arrival_spirals, layout_rooms
D:2:      layout_rooms, chequers_ecumenical_altar_twisty
D:3:      layout_loops_ring, marbit_many_paths, zin_scriptorium
D:4:      layout_gridville, mainiacjoe_overflow_small_starburst,
          minmay_crystal_room
D:5:      layout_cave_pools, serial_shops, shop, gup_sewer_entry_bubbles

Skill      XL: |  1  2  3  4  5  6 |
---------------+-------------------+-----
Spellcasting   | 5 |  5.5
Invocations    | 1 2 |  2.5
Fighting       | 1 2 |  2.2
Short Blades   | 1 2 |  2.2
Long Blades    | 1 2 |  2.2
Axes           | 1 2 |  2.2
Maces & Flails | 1 2 |  2.2
Polearms       | 1 2 |  2.2
Staves         | 1 2 |  2.2
Ranged Weapons | 1 2 |  2.2
Throwing       | 1 2 |  2.2
Dodging        | 1 2 |  2.2
Shields        | 1 2 |  2.2
Unarmed Combat | 1 2 |  2.2
Conjurations   | 1 |  1.8
Hexes          | 1 |  1.8
Summonings     | 1 |  1.8
Translocations | 1 |  1.8
Transmutations | 1 |  1.8
Fire Magic     | 1 |  1.8
Ice Magic      | 1 |  1.8
Air Magic      | 1 |  1.8
Earth Magic    | 1 |  1.8
Poison Magic   | 1 |  1.8
Stealth        | 3 |  3.3
Necromancy     | 4 |  4.2
Evocations     | 3 |  3.4
Armour         | |  8.8

Action                     |  1- 3 |  4- 6 || total
---------------------------+-------+-------++-------
  Melee: Club              |    14 |       ||    14
         Dagger            |   134 |    25 ||   159
         Bite              |     4 |    18 ||    22
         Punch             |     3 |       ||     3
         Halberd           |       |   193 ||   193
   Cast: Necrotise         |       |     8 ||     8
  Evoke: Wand              |     1 |     1 ||     2
    Use: Scroll            |     2 |     7 ||     9
         Potion            |     3 |     6 ||     9
 Armour: Scale mail        |    81 |   200 ||   281
  Dodge: Dodged            |    62 |   137 ||   199

Table legend: (Time is in decaauts)
 A = Elapsed time spent in this place.
 B = Non-inter-level travel time spent in this place.
 C = Inter-level travel time spent in this place.
 D = Time resting spent in this place.
 E = Time spent auto-exploring this place.
 F = Levels seen in this place.
 G = Mean time per level.
                   A        B        C        D        E       F      G
               +--------+--------+--------+--------+--------+-----+--------+
         Total |   4071 |   3900 |    171 |    654 |   2426 |   5 |  814.2 |
       Dungeon |   4071 |   3900 |    171 |    654 |   2426 |   5 |  814.2 |
               +--------+--------+--------+--------+--------+-----+--------+

Top non-repeatable levels by time:
     D:4: 1649 daAuts
     D:3: 900 daAuts
     D:1: 684 daAuts
     D:2: 628 daAuts
     D:5: 208 daAuts
